 Seeded DCSS version 0.27-a0-1060-gcb85b5e (webtiles) character file.

Game seed: 7323716169079990189 (custom seed)

38 Illumine the Grave Robber (level 3, -4/16 HPs)
             Began as a Vine Stalker Necromancer on Apr 21, 2021.
             Slain by a bullfrog skeleton (5 damage)
             ... on level 5 of the Dungeon.
             The game lasted 00:04:52 (2548 turns).

Illumine the Grave Robber (VSNe)                    Turns: 2548, Time: 00:04:52

Health: -4/16      AC:  2    Str: 10    XL:     3   Next: 43%
Magic:  0/8        EV: 12    Int: 16    God:
Gold:   76         SH:  0    Dex: 14    Spells: 4/8 levels left

rFire    + . .     SeeInvis .   c - +1 mace
rCold    + . .     Faith    .   (no shield)
rNeg     . . .     Spirit   +   a - +0 robe
rPois    +         Reflect  .   (no helmet)
rElec    +         Harm     .   (no cloak)
rCorr    +         Rampage  .   (no gloves)
Will     .....                  (no boots)
Stlth    ++........             (no amulet)
HPRegen  0.05/turn              (no ring)
MPRegen  0.11/turn              (no ring)

@: brilliant, resistant
A: fangs 2, magic shield, antimagic bite, no potion heal 2
a: no special abilities


You were on level 5 of the Dungeon.
You visited 1 branch of the dungeon, and saw 4 of its levels.

You collected 76 gold pieces.

Inventory:

Hand Weapons
 c - a +1 mace (weapon)
Missiles
 b - 14 poisoned darts
Armour
 a - a +0 robe (worn)
 k - a +0 buckler
Scrolls
 h - 2 scrolls of immolation
 j - a scroll of enchant weapon


   Skills:
 - Level 1.5 Dodging
 - Level 2.4 Stealth
 + Level 3.0 Spellcasting
 + Level 4.6 Necromancy


You had 4 spell levels left.
You knew the following spells:

 Your Spells              Type           Power      Damage    Failure   Level
a - Pain                  Necr           100%       1d9       2%          1
b - Vampiric Draining     Necr           13%        2d7       9%          3

Your spell library contained the following spells:

 Spells                   Type           Power      Damage    Failure   Level
 Animate Skeleton         Necr           52%        N/A       2%          1
 Animate Dead             Necr           13%        N/A       26%         4
 Agony                    Necr           26%        N/A       58%         5


Dungeon Overview and Level Annotations

Branches:
Dungeon (3/15)

Altars:
Cheibriados
Uskayaw
The Shining One

Annotations:
D:2 Sigmund
D:3 1 runed translucent door, Ubbricas's ghost, amateur DjCj


Innate Abilities, Weirdness & Mutations

You have extremely sharp teeth.
When hurt, damage is shared between your health and your magic reserves.
Your bite disrupts and absorbs the magic of your enemies.
Potions cannot restore your health.


Message History

The shaft crumbles and collapses.
Found five items.
Found a stone staircase leading down.
A centaur comes into view.
As you read the scroll of teleportation, it crumbles to dust.
You feel strangely unstable.
Your surroundings suddenly seem different.
A steam dragon comes into view.
The steam dragon hisses angrily.
The steam dragon breathes steam at you. The ball of steam hits you!
The steam dragon moves out of view.
You hear a shout!
Found 31 gold pieces.
A skeleton and a dart slug come into view.
The bullfrog skeleton closely misses you.
The bullfrog skeleton hits you.
It was a potion of heal wounds.
That seemed strangely inert.
The bullfrog skeleton hits you.
Found 10 gold pieces.
The bullfrog skeleton closely misses you.
The bullfrog skeleton hits you.
* * * LOW HITPOINT WARNING * * *
It was a potion of brilliance.
You feel clever all of a sudden.
The bullfrog skeleton barely misses you.
It was a potion of resistance.
You feel protected.
The bullfrog skeleton closely misses you.
As you read the scroll labelled KOOTIWOCYA, it crumbles to dust.
You hear a loud clanging noise!
It was a scroll of noise.
You hear a shout!
You hear an angry hiss.
The bullfrog skeleton hits you.
* * * LOW HITPOINT WARNING * * *
The dart slug launches a dart at you. The slug dart misses you.
The bullfrog skeleton closely misses you.
As you read the scroll labelled HEONLIG YMAFRE, it crumbles to dust.
You speak a Word of immense power!
The bullfrog skeleton convulses!
It was a scroll of holy word.
The bullfrog skeleton hits you.
You die...

...........#
#...........#
#...........#
#....$.....#
#..........#
#.....$....#
#..........####.
###.....w.........
.......@ZD........
#####+#######...D.
ยง.$. ..


You could see a steam dragon, a dart slug and a bullfrog skeleton (dazed).

Vanquished Creatures
  A dart slug (D:1)
  3 ball pythons
  2 bats (D:1)
  8 endoplasms
  A giant cockroach (D:1)
  A goblin (D:1)
  5 hobgoblins (D:1)
  3 jackals (D:3)
  2 quokkas (D:1)
  2 frilled lizards
  A kobold (D:3)
  A rat (D:1)
30 creatures vanquished.

Notes
Turn   | Place    | Note
-------+----------+-------------------------------------------
     0 | D:1      | Illumine the Vine Stalker Necromancer began the quest for
                  | the Orb.
     0 | D:1      | Reached XP level 1. HP: 9/9 MP: 4/4
   555 | D:1      | Reached XP level 2. HP: 8/13 MP: 0/6
  1414 | D:1      | Reached XP level 3. HP: 15/16 MP: 6/8
  1733 | D:2      | Noticed a scorpion
  1898 | D:2      | Learned a level 3 spell: Vampiric Draining
  2005 | D:2      | Noticed Sigmund
  2157 | D:3      | Found a glowing golden altar of the Shining One.
  2476 | D:3      | Noticed Ubbricas's ghost (amateur DjCj)
  2478 | D:3      | Found a runed translucent door.
  2521 | D:3      | Found a snail-covered altar of Cheibriados.
  2521 | D:3      | Found a hide-covered altar of Uskayaw.
  2537 | D:3      | You fall into a shaft and drop 2 floors!
  2537 | D:5      | Entered Level 5 of the Dungeon
  2538 | D:5      | Noticed a centaur
  2540 | D:5      | Noticed a steam dragon
  2548 | D:5      | Slain by a bullfrog skeleton

Illustrated notes

Levels and vault maps discovered:
D:1:      shiori_arrival_oz, layout_loops_ring, hex_tiny
D:2:      layout_loops_corners, uniq_sigmund
D:3:      layout_basic, lemuel_tele_altar, gammafunk_temple_overflow_elements,
          hellmonk_ghost_happy_afterlife
D:5:      layout_basic, chequers_serial_rivers_micro_c

Skill      XL: |  1  2  3 |
---------------+----------+-----
Spellcasting   | 3 |  3.0
Dodging        | |  1.5
Stealth        | |  2.4
Necromancy     | |  4.6

Action                   || total
-------------------------++-------
Melee: Mace              ||     7
       Bite              ||     1
 Cast: Pain              ||    60
       Vampiric Draining ||     1
  Use: Scroll            ||     6
       Potion            ||     4
Armor: Robe              ||     5
Dodge: Dodged            ||    27

Table legend: (Time is in decaauts)
 A = Elapsed time spent in this place.
 B = Non-inter-level travel time spent in this place.
 C = Inter-level travel time spent in this place.
 D = Time resting spent in this place.
 E = Time spent auto-exploring this place.
 F = Levels seen in this place.
 G = Mean time per level.
                   A        B        C        D        E       F      G
               +--------+--------+--------+--------+--------+-----+--------+
         Total |   2550 |   2502 |     48 |    615 |   1514 |   4 |  637.5 |
       Dungeon |   2550 |   2502 |     48 |    615 |   1514 |   4 |  637.5 |
               +--------+--------+--------+--------+--------+-----+--------+

Top non-repeatable levels by time:
     D:1: 1755 daAuts
     D:3: 511 daAuts
     D:2: 272 daAuts
     D:5: 10 daAuts
